 Dungeon Crawl Stone Soup version 0.17.1-3-g152610e (webtiles) character file.

77 Chiseanne the Insei (level 4, -3/24 HPs)
             Began as a Vine Stalker Monk on Mar 9, 2016.
             Slain by Crazy Yiuf
             ... wielding a +3 quarterstaff of chaos
              (8 damage)
             ... on level 2 of the Dungeon.
             The game lasted 00:04:37 (1678 turns).

Chiseanne the Insei (Vine Stalker Monk)             Turns: 1678, Time: 00:04:37

Health: -3/24      AC:  3    Str: 15    XL:     4   Next: 33%
Magic:  0/5        EV: 13    Int: 10    God:
Gold:   105        SH:  0    Dex: 16    Spells: 0 memorised, 3 levels left

rFire  . . .     SeeInvis .       - Unarmed
rCold  . . .     Clarity  .     a - +0 robe
rNeg   . . .     SustAt   .     (no shield)
rPois  .         Gourm    .     g - +0 helmet
rElec  .         Spirit   +     (no cloak)
rCorr  .         Warding  .     (no gloves)
rMut   .         Stasis   .     (no boots)
MR     .....                    (no amulet)
Stlth  ++........               (no ring)
                                (no ring)

@: lethally poisoned (-3 -> -13), not resistant to hostile enchantments,
unstealthy
A: fangs 2, regeneration 1, magic shield, antimagic bite, no device heal 3, rot
immunity
a: no special abilities


You were on level 2 of the Dungeon.
You were hungry.

You visited 1 branch of the dungeon, and saw 3 of its levels.

You collected 105 gold pieces.

Inventory:

Missiles
 k - 6 poisoned needles
 l - 2 throwing nets (quivered) {!*}
 n - 49 sling bullets
 o - 14 bolts
Armour
 a - a +0 robe (worn)
 g - a +0 helmet (worn)
Potions
 c - a potion of lignification {unknown}
 d - a potion of heal wounds {unknown}
 e - a potion of cancellation {unknown}
 f - a potion of degeneration {unknown}
 h - a potion of agility {unknown}
 i - 2 potions of curing
 j - 4 potions of magic
Comestibles
 b - 3 bread rations
 m - a chunk of flesh


   Skills:
 * Level 3.4 Fighting
 * Level 3.1 Dodging
 - Level 2.4 Stealth
 + Level 4.5 Unarmed Combat


You had 3 spell levels left.
You didn't know any spells.

Dungeon Overview and Level Annotations

Branches:
Dungeon (3/15)

Altars:

Annotations:
D:2 Crazy Yiuf


Innate Abilities, Weirdness & Mutations

You have extremely sharp teeth.
Your natural rate of healing is unusually fast.
When hurt, damage is shared between your health and your magic reserves.
Your bite disrupts and absorbs the magic of your enemies.
Potions and wands cannot restore your health.
You are immune to rotting.


Message History

Crazy Yiuf says, "Castle spinner disdain!"
Crazy Yiuf flaps his cloak.
Crazy Yiuf cries, "You leg down broken song, no?"
Crazy Yiuf yells, "Citrus!
Defame senile horse."
Crazy Yiuf says, "Powder canine stair!"
Crazy Yiuf whimpers, "Trifle poople ena!"
You are feeling hungry.
Crazy Yiuf hits you with a quarterstaff of chaos.
You hit Crazy Yiuf. You bite Crazy Yiuf. You drain his power.
You feel invigorated.
Crazy Yiuf is heavily wounded.
Crazy Yiuf hits you with a quarterstaff of chaos!
* * * LOW HITPOINT WARNING * * *
You are lethally poisoned!
You closely miss Crazy Yiuf.
Crazy Yiuf is heavily wounded.
* * * LOW HITPOINT WARNING * * *
You feel sick.
Crazy Yiuf hits you with a quarterstaff of chaos!
You die...

#.###########.## #.# # #.#
##.#####...#######.# # #.#
#.#.............##.# #
##.####.#####...####.##.# #
#.......# ##(## #.##.# #
#..###### #.# #.##.# # #..#
#.#####.##.#
#..###########..........#
#..##...Jg@.....####.######
##.##.#######...###........
#######.#...##
##.###.##..######
#.....J...#..###.## ##.#..#
# #.#####.#....##.## ##...#
#.# #.#....##..## ##.#.##
#J# #..###.#.#..###....#
#.# #.##
#..###..#.#.#.####### #.#
### #### ###...#.........


You could see Crazy Yiuf and an ooze.

Vanquished Creatures
  A gnoll (D:1)
  2 adders
  An ooze (D:1)
  2 worms
  2 giant geckos
  5 giant cockroaches
  10 kobolds
  2 quokkas (D:2)
  6 bats
  A giant newt (D:2)
  5 goblins
  10 rats (D:1)
47 creatures vanquished.

Notes
Turn   | Place    | Note
--------------------------------------------------------------
     0 | D:1      | Chiseanne the Vine Stalker Monk began the quest for the Orb.
     0 | D:1      | Reached XP level 1. HP: 11/11 MP: 2/2
    31 | D:1      | Reached XP level 2. HP: 11/16 MP: 3/3
   734 | D:1      | Reached XP level 3. HP: 3/20 MP: 0/4
  1129 | D:2      | Reached XP level 4. HP: 22/24 MP: 5/5
  1630 | D:2      | Noticed Crazy Yiuf
  1678 | D:2      | Slain by Crazy Yiuf

Action                   |  1- 3 |  4- 6 || total
-------------------------+-------+-------++-------
Melee: Unarmed           |    99 |    42 ||   141
  Use: Scroll            |     1 |     1 ||     2
 Stab: Distracted        |     1 |       ||     1
       Sleeping          |     5 |     4 ||     9
  Eat: Chunk             |     1 |     1 ||     2
